 Dungeon Crawl Stone Soup version 0.29-a0-330-g52719c12eb (webtiles) character file.

Game seed: 11692064222954193200

54 Anon1729 the Slasher (level 3, -1/33 HPs)
             Began as a Minotaur Monk on Apr 29, 2022.
             Slain by a gnoll
             ... wielding a +0 spear
              (8 damage)
             ... on level 4 of the Dungeon.
             The game lasted 00:01:06 (1177 turns).

Anon1729 the Slasher (Minotaur Monk)                Turns: 1177, Time: 00:01:07

Health: -1/33      AC:  3    Str: 15    XL:     3   Next: 66%
Magic:  0/2        EV: 13    Int:  7    God:
Gold:   89         SH:  0    Dex: 14    Spells: 2/2 levels left

rFire   . . .      SeeInvis .   a - +0 falchion
rCold   . . .      Faith    .   (no shield)
rNeg    . . .      Spirit   +   b - +0 robe
rPois   .          Reflect  .   (helmet restricted)
rElec   .          Harm     .   (no cloak)
rCorr   .          Rampage  .   j - +0 pair of gloves
Will    .....                   (no boots)
Stlth   ++........              i - amulet of guardian spirit
HPRegen 0.11/turn               (no ring)
MPRegen 0.08/turn               (no ring)

@: no status effects
A: horns 2, retaliatory headbutt
a: no special abilities


You were on level 4 of the Dungeon.
You visited 1 branch of the dungeon, and saw 4 of its levels.

You collected 89 gold pieces.

Inventory:

Hand Weapons
 a - a +0 falchion (weapon)
Armour
 b - a +0 robe (worn)
 j - a +0 pair of gloves (worn)
 k - a +0 chain mail
Jewellery
 i - an amulet of guardian spirit (around neck)
Scrolls
 d - 3 scrolls of immolation {unknown}
 e - a scroll of teleportation {unknown}
 f - a scroll of brand weapon {unknown}
 g - 2 scrolls of identify {unknown}
 h - a scroll of summoning {unknown}
 l - a scroll of magic mapping {unknown}
 n - a scroll of enchant weapon {unknown}
Potions
 c - a potion of ambrosia
 m - a potion of heal wounds {unknown}


   Skills:
 + Level 4.2 Fighting
 + Level 4.2 Long Blades
 + Level 3.9 Dodging
 + Level 2.2 Stealth


You had 2 spell levels left.
You didn't know any spells.
Your spell library was empty.

Dungeon Overview and Level Annotations

Branches:
Dungeon (4/15)
 Temple: D:4-7

Altars:
Vehumet


Innate Abilities, Weirdness & Mutations

You have a pair of horns on your head.
You reflexively headbutt those who attack you in melee.


Message History

You kill the orc!
You hit the gnoll shaman.
You punch the gnoll shaman, but do no damage.
The gnoll shaman is severely wounded.
The orc misses you. The gnoll shaman misses you.
The goblin hits you but does no damage.
You hit the gnoll shaman but do no damage.
You headbutt the gnoll shaman, but do no damage.
The gnoll shaman is severely wounded.
The gnoll shaman utters an invocation to its god.
The gnoll shaman is healed somewhat.
The orc hits you with a +0 falchion. The gnoll misses you.
The goblin hits you but does no damage.
You are too injured to fight recklessly!
You are too injured to fight recklessly!
You are too injured to fight recklessly!
You are too injured to fight recklessly!
You are too injured to fight recklessly!
You are too injured to fight recklessly!
You are too injured to fight recklessly!
You are too injured to fight recklessly!
You are too injured to fight recklessly!
You are too injured to fight recklessly!
You are too injured to fight recklessly!
You are too injured to fight recklessly!
You are too injured to fight recklessly!
You are too injured to fight recklessly!
You are too injured to fight recklessly!
You are too injured to fight recklessly!
You are too injured to fight recklessly!
You are too injured to fight recklessly!
You are too injured to fight recklessly!
You closely miss the gnoll shaman.
The gnoll shaman is heavily wounded.
The gnoll shaman hits you with a +0 club.
* * * LOW HITPOINT WARNING * * *
The orc priest calls down the wrath of Beogh upon you.
Pain shoots through your body!
* * * LOW HITPOINT WARNING * * *
The gnoll hits you from afar with a +0 spear!
You die...

####.$...#....>#
................
#..............
#..............
#..............
#..............
#.)g...........
#g@.oo<.......
.....g#o)...#.....#
....# ##..### #####
... #..## . .?.##
#... ..... .....


You could see a gnoll shaman, an orc priest, a gnoll, 2 orcs and a goblin.

Vanquished Creatures
  A gnoll (D:4)
  An orc (D:4)
  3 endoplasms
  4 goblins (D:1)
  3 hobgoblins
  10 jackals
  A quokka (D:1)
  5 bats (D:1)
  5 frilled lizards
  A kobold (D:1)
  4 rats
38 creatures vanquished.

Vanquished Creatures (others)
  A plant (D:2)
1 creature vanquished.

Grand Total: 39 creatures vanquished

Notes
Turn   | Place    | Note
-------+----------+-------------------------------------------
     0 | D:1      | Anon1729 the Minotaur Monk began the quest for the Orb.
     0 | D:1      | Reached XP level 1. HP: 19/19 MP: 0/0
   140 | D:1      | Reached XP level 2. HP: 25/27 MP: 1/1
   640 | D:1      | Reached XP level 3. HP: 33/33 MP: 2/2
   964 | D:2      | Found a faded altar of an unknown god.
   982 | D:2      | Prayed at the altar of an unknown god.
   982 | D:2      | Became a worshipper of Vehumet
   982 | D:2      | Reached * piety under Vehumet
   982 | D:2      | Offered knowledge of Magic Dart by Vehumet.
   982 | D:2      | Reached ** piety under Vehumet
   983 | D:2      | Fell from the grace of Vehumet
  1177 | D:4      | Slain by a gnoll

Illustrated notes

Levels and vault maps discovered:
D:1:      eino_arrival_water_cross, layout_rooms, hangedman_decor_push
D:2:      layout_rooms, hellmonk_ecumenical_altar_run_dry, corner_web_ring,
          serial_bayou_lake_a
D:3:      layout_basic
D:4:      layout_rooms, minivault_24

Skill      XL: |  1  2 |
---------------+-------+-----
Stealth        | 2 |  2.2
Fighting       | 4 |  4.2
Long Blades    | 4 |  4.2
Dodging        | |  3.9

Action                   || total
-------------------------++-------
Melee: Falchion          ||    74
       Headbutt          ||    16
       Punch             ||     2
Invok: Renounce Religion ||     1
 Stab: Sleeping          ||     3
Armor: Robe              ||    19
Dodge: Dodged            ||    68

Table legend: (Time is in decaauts)
 A = Elapsed time spent in this place.
 B = Non-inter-level travel time spent in this place.
 C = Inter-level travel time spent in this place.
 D = Time resting spent in this place.
 E = Time spent auto-exploring this place.
 F = Levels seen in this place.
 G = Mean time per level.
                   A        B        C        D        E       F      G
               +--------+--------+--------+--------+--------+-----+--------+
         Total |   1183 |   1052 |    131 |    164 |    672 |   4 |  295.8 |
       Dungeon |   1183 |   1052 |    131 |    164 |    672 |   4 |  295.8 |
               +--------+--------+--------+--------+--------+-----+--------+

Top non-repeatable levels by time:
     D:1: 966 daAuts
     D:2: 100 daAuts
     D:3: 100 daAuts
     D:4: 15 daAuts
